cohdb
Replays
Latest Replays
All Replays
Popular Replays
Top Player Replays
Match Explorer
How It Works
Community
CoH3 Stats
Reddit
Sign in to upload your games and track your stats! →
Sign in with Steam
Match 25896968
Unlisted
Match 25896968
Overview
Messages
Build Orders
End
Selects Special Operations Battlegroup
Construct Barracks
Riflemen Squad
Riflemen Squad
Riflemen Squad
Grenade Package
M1 Mortar Team
Engineer Squad
Construct Weapon Support Center
Air Support Center
Riflemen Squad
Engineer Squad
Construct Medical Station
Selects M29 Weasel with M1 Pack Howitzer
M29 Weasel with M1 Pack Howitzer
Selects Raiding Flares
Bazooka Squad
Bazooka Squad
Improved M9 Bazooka Rockets
P-47 Dive Bomb
thenumber26
¡INSOMNIUM! [ESP]
Eber
Orick [ESP]
CPU - Experto
CPU - Experto
CPU - Experto
CPU - Experto
0
0
Comments
sign in to comment!
No comments posted yet!